cohdb
Replays
Latest Replays
All Replays
Popular Replays
Top Player Replays
Match Explorer
How It Works
Community
CoH3 Stats
Reddit
Sign in to upload your games and track your stats! →
Sign in with Steam
Match 43737406
Unlisted
Match 43737406
Overview
Messages
Build Orders
End
Construct Section Command Post
Selects Air and Sea Battlegroup
Vickers Machine Gun Team
Infantry Section
ML 3-inch Mortar Team
Construct Field Infirmary
Grenade Package
Infantry Section
ML 3-inch Mortar Team
Construct Platoon Command Post
Selects Commando Section Paradrop
Selects Commando Support Section Paradrop
Commando Section Paradrop
Construct Company Command Post
Crusader II Medium Tank
Selects Incendiary Bombing Run
Incendiary Bombing Run
Commando Section Paradrop
Matilda II Heavy Tank
Crusader II Medium Tank
Selects Supply Surplus
Selects UNKNOWN (223837)
Matilda II Heavy Tank
Incendiary Bombing Run
Crusader II Medium Tank
Infantry Section
Selects Naval Bombardment
Selects Naval Bombardment
Naval Bombardment
Royal Engineer Section
Acido[ITA]
Silver-Bullet
Guderian ITA
Fajolada
0
0
Comments
sign in to comment!
No comments posted yet!